 Dungeon Crawl Stone Soup version 0.28.0-49-g6dfe1f597d (webtiles) character file.

Game seed: 6827186670544296651

2 Zeld the Insei (level 1, -1/13 HPs)
             Began as an Octopode Transmuter on May 15, 2022.
             Slain by a quokka (4 damage)
             ... on level 1 of the Dungeon.
             The game lasted 00:00:31 (120 turns).

Zeld the Insei (Octopode Transmuter)                 Turns: 120, Time: 00:00:32

Health: -1/13      AC:  1    Str:  9    XL:     1   Next: 30%
Magic:  3/3        EV: 13    Int: 15    God:
Gold:   0          SH:  0    Dex: 12    Spells: 3/4 levels left

rFire   . . .      SeeInvis .     - Unarmed
rCold   . . .      Faith    .   (no shield)
rNeg    . . .      Spirit   .   (helmet restricted)
rPois   .          Reflect  .   (no amulet)
rElec   .          Harm     .   (no ring)
rCorr   .          Rampage  .   (no ring)
Will    .....                   (no ring)
Stlth   +++.......              (no ring)
HPRegen 0.04/turn               (no ring)
MPRegen 0.08/turn               (no ring)
                                (no ring)
                                (no ring)

@: no status effects
A: almost no armour, amphibious, 8 rings, camouflage 1, gelatinous body 1,
nimble swimmer 1, tentacles
a: no special abilities


You were on level 1 of the Dungeon.
You visited 1 branch of the dungeon, and saw 1 of its levels.

Inventory:

Scrolls
 a - a scroll of blinking {unknown}


   Skills:
 - Level 1.0 Fighting
 - Level 2.0 Dodging
 + Level 0.1 Stealth
 - Level 3.0 Unarmed Combat
 * Level 2.0 Spellcasting
 * Level 2.0 Transmutations
 + Level 0.0 Ice Magic
 + Level 0.1 Poison Magic


You had 3 spell levels left.
You knew the following spells:

 Your Spells              Type           Power      Damage    Failure   Level
a - Beastly Appendage     Tmut           14%        N/A       10%         1

Your spell library contained the following spells:

 Spells                   Type           Power      Damage    Failure   Level
 Wereblood                Tmut           7%         N/A       14%         2
 Spider Form              Tmut/Pois      4%         N/A       38%         3
 Ice Form                 Ice/Tmut       4%         N/A       82%         4


Dungeon Overview and Level Annotations

Branches:
Dungeon (1/15)

Altars:

Shops:
D:1 *


Innate Abilities, Weirdness & Mutations

You cannot wear most types of armour.
You are amphibious.
You can wear up to eight rings at the same time.
Your skin changes colour to match your surroundings (Stealth+).
Your rubbery body absorbs attacks. (AC +1, EV +1)
You are camouflaged when in or above water. (Stealth+)
You have tentacles for arms and can constrict up to eight enemies at once.


Message History

Why would you want to do that?
A quokka comes into view.
The helpless bat fails to defend itself.
You tentacle-slap the bat.
You kill the bat!
A quokka is nearby!
A quokka is nearby!
A quokka is nearby!
Your tentacle spike disappears.
The quokka bites you.
You tentacle-slap the quokka. Your grab misses the quokka.
You tentacle-slap the quokka.
The quokka is severely wounded.
The quokka bites you. x2
You tentacle-slap the quokka but do no damage.
Your grab misses the quokka.
The quokka is severely wounded.
The quokka closely misses you.
You are too injured to fight recklessly!
You completely miss the quokka. Your grab misses the quokka.
You squeeze the quokka, but do no damage.
The quokka is severely wounded.
The quokka bites you.
* * * LOW HITPOINT WARNING * * *
You are too injured to fight recklessly!
A quokka is nearby!
Unknown command.
The quokka closely misses you.
There is a faded altar of an unknown god here.
The quokka closely misses you.
You tentacle-slap the quokka. Your grab misses the quokka.
You tentacle-slap the quokka, but do no damage.
You squeeze the quokka, but do no damage.
The quokka is almost dead.
The quokka barely misses you.
You tentacle-slap the quokka but do no damage.
Your grab misses the quokka. Your squeeze misses the quokka.
The quokka is almost dead.
The quokka bites you.
You die...

..#.......##.......#.#
#.#.#####.##..≈≈.≈§..#
..#.#.#
#.##.≈....§≈§##.
....#.#
#.#.§.....§§≈§..
#.....#
#..≈........§§§§
#.###.#
#.≈.....≈.....≈§ #.#
#.# #.≈....≈_≈...§§.
#.# #.#
#.≈....≈r≈....§. #.#
#.# #.§§....@.....≈.
#.# #.#
#.§§..........≈. #.#
#.# #.§§.........≈.#
#.# .#
#.#...........## #.#
...##.≈.....≈.## ###
#..≈≈≈≈≈..#
#.#.....#.#
..#####.#.. ### ...


You could see a quokka.

Vanquished Creatures
  A ball python (D:1)
  2 bats (D:1)
3 creatures vanquished.

Notes
Turn   | Place    | Note
-------+----------+-------------------------------------------
     0 | D:1      | Zeld the Octopode Transmuter began the quest for the Orb.
     0 | D:1      | Reached XP level 1. HP: 13/13 MP: 3/3
    92 | D:1      | Found Cutaum's General Store.
    92 | D:1      | Found a faded altar of an unknown god.
   120 | D:1      | Slain by a quokka

Illustrated notes

Levels and vault maps discovered:
D:1:      dpeg_arrival_leaves_temple_mockup, layout_basic, serial_shops,
          shop_coins, nicolae_shop_advertising_works
          [nicolae_subvault_shop_adworks], shop, shop,
          shapermc_ecumenical_altar_starsandcircs, serial_glass,
          glass_columns_c, glass_columns_b

Action                   || total
-------------------------++-------
Melee: Unarmed           ||     9
       Constrict         ||     2
       Punch             ||     2
       Tentacles         ||     2
       Kick              ||     1
 Cast: Beastly Appendage ||     3
 Stab: Sleeping          ||     1
Dodge: Dodged            ||     8
